 Dungeon Crawl Stone Soup version 0.31-a0-819-gf6de2f5ab6 (webtiles) character file.

Game seed: 10989438670546871540

83 qw the Shooter (level 4, -12/28 HPs)
             Began as a Gargoyle Hunter on Sept 23, 2023.
             Mangled by an ogre
             ... wielding a +0 giant club
              (15 damage)
             ... on level 3 of the Dungeon.
             The game lasted 00:00:34 (1494 turns).

qw the Shooter (Gargoyle Hunter)                    Turns: 1494, Time: 00:00:35

Health: -12/28     AC:  9    Str: 15    XL:     4   Next: 44%
Magic:  4/4        EV: 11    Int:  9    God:
Gold:   38         SH:  0    Dex: 15    Spells: 3/3 levels left

rFire   . . .        Y - +0 orcbow
rCold   . . .        (shield currently unavailable)
rNeg    + . .        i - +0 ring mail
rPois   inf          (no helmet)
rElec   +            (no cloak)
rCorr   .            d - +0 pair of gloves
SInv    .            (no boots)
Will    .....        (no amulet)
Stlth   +            (no ring)
HPRegen 0.24/turn    (no ring)
MPRegen 0.09/turn

%: no passive effects
@: about to teleport
A: sickness immunity, AC +3, negative energy resistance 1, electricity
resistance, torment resistance 1, petrification resistance
a: no special abilities


You were on level 3 of the Dungeon.
You visited 1 branch of the dungeon, and saw 3 of its levels.

You collected 38 gold pieces.


Innate Abilities, Weirdness & Mutations

You are immune to sickness and miasma.
Your stone body is resilient. (AC +3)
You are immune to poison.
You resist negative energy. (rN+)
You are resistant to electric shocks. (rElec)
You are resistant to unholy torment.
You are immune to petrification.


   Skills:
 - Level 3.1 Fighting
 + Level 5.2 Ranged Weapons
 - Level 1.0 Armour
 - Level 1.5 Dodging
 - Level 1.1 Stealth


You had 3 spell levels left.
You didn't know any spells.
Your spell library was empty.

Inventory:

Hand Weapons
 Y - a +0 orcbow (weapon)
Armour
 d - a +0 pair of gloves (worn)
 i - a +0 ring mail (worn)
 j - a +0 cloak
 k - a scarf of invisibility
Scrolls
 a - a scroll of teleportation
 c - a scroll of identify
Potions
 b - a potion of heal wounds {unknown}
 e - a potion of cancellation {unknown}
 f - a potion of enlightenment {unknown}
 g - a potion of brilliance {unknown}
 h - a potion of curing
 l - a potion of haste {unknown}

Dungeon Overview and Level Annotations

Branches:
Dungeon (3/15)

Altars:

Shops:
D:2 ?*


Message History

You shoot an arrow. The arrow hits the worm.
You kill the worm!
A hobgoblin comes into view.
You see here 9 gold pieces.
You shoot an arrow. The arrow hits the hobgoblin!
You kill the hobgoblin!
You now have 38 gold pieces (gained 9).
As you open the door, it creaks loudly!
You hear a shout! x2
There is an open door here.
k - a scarf of invisibility
Enter note:
Enter note: An ogre comes into view. It is wielding a +0 giant club.
The ogre shouts!
You shoot an arrow. The arrow closely misses the ogre.
You shoot an arrow. The arrow hits the ogre.
The ogre is lightly wounded.
You shoot an arrow. The arrow hits the ogre!
The ogre is heavily wounded.
You shoot an arrow. The arrow hits the ogre.
The ogre is heavily wounded.
The ogre barely misses you.
You shoot an arrow. The arrow barely misses the ogre.
You shoot an arrow. The arrow hits the ogre!
The ogre is almost dead.
The ogre hits you with a +0 giant club!
You shoot an arrow. The arrow barely misses the ogre.
The ogre closely misses you.
You shoot an arrow. The arrow hits the ogre.
The ogre is almost dead.
The ogre hits you but does no damage.
You shoot an arrow. The arrow barely misses the ogre.
The ogre hits you with a +0 giant club!!
Ouch! That really hurt!
1494 ||| READING 2 scrolls of teleportation.
As you read the scroll of teleportation, it crumbles to dust.
You feel strangely unstable. The ogre hits you with a +0 giant club!
Ouch! That really hurt!
You die...

.. ## ...##....## . #..
.......... .####.##
..##......... .......
#.##......#.# #....#
#.##......#.# #....#
#.##.....##.#.###O...#
#.##.....##.#...@....#
#.##.....##.#####....#
#.##....###.# #....####
...'....###.#####........
####..............#######
...#####....####### ####
#....# ## #....# .#
#....#


You could see an ogre.

Vanquished Creatures
  3 adders (D:2)
  2 worms
  A dart slug (D:2)
  2 ball pythons (D:1)
  2 bats
  4 endoplasms
  4 giant cockroaches
  2 goblins (D:1)
  4 hobgoblins
  7 jackals
  2 kobolds
  3 quokkas
  5 frilled lizards
  4 rats
45 creatures vanquished.

Notes
Turn   | Place    | Note
-------+----------+-------------------------------------------
     0 | D:1      | qw the Gargoyle Hunter began the quest for the Orb.
     0 | D:1      | Reached XP level 1. HP: 12/12 MP: 1/1
     0 | D:1      | 0 ||| qw: Version: 0.3-a-83-gcd0e7d8
     0 | D:1      | 0 ||| qw: Game counter: 1475
     0 | D:1      | 0 ||| qw: Melee chars always use a shield: true
     0 | D:1      | 0 ||| qw: God list: Okawaru
     0 | D:1      | 0 ||| qw: Allow faded altars: false
     0 | D:1      | 0 ||| qw: Do Orc after clearing Dungeon:15 true
     0 | D:1      | 0 ||| qw: Do second Lair branch before Depths: true
     0 | D:1      | 0 ||| qw: Lair rune preference: random
     0 | D:1      | 0 ||| qw: Goals: Normal
     0 | D:1      | 0 ||| PLANNING D:1-11
   138 | D:1      | HP: 3/12 [kobold/+1 short sword of speed (2)]
   143 | D:1      | Reached XP level 2. HP: 6/17 MP: 2/2
   483 | D:1      | Reached XP level 3. HP: 21/21 MP: 3/3
   578 | D:1      | Reached skill level 5 in Ranged Weapons
   589 | D:1      | 589 ||| UPGRADING to +0 pair of gloves.
   594 | D:1      | 594 ||| UPGRADING to +0 ring mail.
   604 | D:1      | 604 ||| DROPPING +0 leather armour.
   605 | D:1      | 605 ||| READING 3 scrolls labelled DOFAINGETA.
   610 | D:1      | 610 ||| DRINKING 2 metallic sapphire potions.
   611 | D:1      | 611 ||| DROPPING scroll of butterflies.
   655 | D:2      | Reached skill level 1 in Armour
   734 | D:2      | Reached skill level 3 in Fighting
   734 | D:2      | Reached XP level 4. HP: 28/28 MP: 4/4
   837 | D:2      | 837 ||| SWAPPING to +0 orcbow.
   838 | D:2      | 838 ||| DROPPING +0 shortbow.
  1140 | D:2      | Found Mygegry's General Store.
  1144 | D:2      | 1144 ||| SHOPLISTING potion of enlightenment (50 gold, have
                  | 27).
  1178 | D:2      | Found The Oracle's Delphic Readings.
  1182 | D:2      | 1182 ||| SHOPLISTING scroll of enchant armour (75 gold,
                  | have 27).
  1415 | D:2      | 1415 ||| READING 2 scrolls labelled XOMU ATTUVU.
  1416 | D:2      | 1416 ||| READING scroll labelled SOKHUS NUIMIE.
  1484 | D:3      | Noticed an ogre
  1493 | D:3      | HP: 3/28 [ogre/+0 giant club (19)]
  1494 | D:3      | 1494 ||| READING 2 scrolls of teleportation.
  1494 | D:3      | Mangled by an ogre

Levels and vault maps discovered:
D:1:      dpeg_arrival_rhombi, layout_rooms
D:2:      layout_basic, serial_shops, shop, nicolae_nh_oracle_at_delphi
D:3:      minmay_chambers_of_twos, layout_basic,
          riverfiend_overflow_shadow_ancestor, nzn_wu_jian_contemplation,
          serial_bayou_pond_b

Skill      XL: |  1  2  3 |
---------------+----------+-----
Ranged Weapons | 5 |  5.2
Armour         | 1 |  1.0
Fighting       | 3 |  3.1
Dodging        | |  1.5
Stealth        | |  1.1

Action                     |  1- 3 |  4- 6 || total
---------------------------+-------+-------++-------
   Fire: Shortbow          |   122 |     1 ||   123
         Orcbow            |       |    20 ||    20
    Use: Scroll            |     1 |     3 ||     4
         Potion            |     1 |       ||     1
 Armour: Leather armour    |    21 |       ||    21
         Ring mail         |    20 |     4 ||    24
  Dodge: Dodged            |    33 |     2 ||    35

Table legend:
 A = Non-vault XP
 B = Vault XP
 C = Vault XP percentage of total XP
 D = Non-vault monster count
 E = Vault monster count
 F = Vault count percentage of total count
                 A         B        C        D         E       F
            +---------+---------+-------+---------+---------+-------
      Total |     104 |      15 |  12.6 |      43 |       2 |   4.4
            +---------+---------+-------+---------+---------+-------
        D:1 |      41 |       0 |   0.0 |      24 |       0 |   0.0
        D:2 |      56 |      15 |  21.1 |      17 |       2 |  10.5
        D:3 |       7 |       0 |   0.0 |       2 |       0 |   0.0
            +---------+---------+-------+---------+---------+-------
